 Dungeon Crawl Stone Soup version 0.27-a0-1590-g15f69828bf (webtiles) character file.

Game seed: 5991720367736535075

347 Anon1729 the Sneak (level 6, -1/32 HPs)
             Began as a Kobold Air Elementalist on July 18, 2021.
             Killed by divine providence
             ... invoked by an orc priest
              (10 damage)
             ... on level 5 of the Dungeon.
             The game lasted 00:05:43 (6038 turns).

Anon1729 the Sneak (Kobold Air Elementalist)        Turns: 6038, Time: 00:05:44

Health: -1/32      AC:  2    Str:  5    XL:     6   Next: 91%
Magic:  7/11       EV: 16    Int: 18    God:
Gold:   160        SH:  0    Dex: 16    Spells: 11/12 levels left

rFire    . . .     SeeInvis .   k - +1 dagger (holy)
rCold    . . .     Faith    .   (shield restricted)
rNeg     . . .     Spirit   .   a - +0 robe
rPois    .         Reflect  .   (no helmet)
rElec    .         Harm     .   (no cloak)
rCorr    .         Rampage  .   (no gloves)
Will     .....                  (no boots)
Stlth    ++++......             (no amulet)
HPRegen  0.10/turn              (no ring)
MPRegen  0.12/turn              (no ring)

@: no status effects
A: small, no large weapons, nightstalker 3
a: no special abilities


You were on level 5 of the Dungeon.
You visited 1 branch of the dungeon, and saw 5 of its levels.

You collected 160 gold pieces.

Inventory:

Hand Weapons
 k - a +1 dagger of holy wrath (weapon)
Armour
 a - a +0 robe (worn)
Magical Staves
 f - a staff of earth
 p - a staff of poison
 r - a staff of air
Wands
 h - a wand of iceblast (6)
Scrolls
 b - 2 scrolls of enchant weapon
 e - 3 scrolls of identify
 i - 2 scrolls of fear {unknown}
 j - a scroll of amnesia {unknown}
 l - a scroll of enchant armour {unknown}
Potions
 c - a potion of flight {unknown}
 d - a potion of mutation {unknown}
 g - 3 potions of lignification {unknown}
 m - a potion of curing {unknown}
 n - a potion of brilliance {unknown}
 o - a potion of heal wounds {unknown}
 q - 2 potions of degeneration {unknown}


   Skills:
 + Level 4.1 Dodging
 + Level 4.9 Stealth
 + Level 3.6 Spellcasting
 + Level 2.9 Conjurations
 + Level 4.1 Air Magic


You had 11 spell levels left.
You knew the following spells:

 Your Spells              Type           Power      Damage    Failure   Level
a - Shock                 Conj/Air       60%        1d6       3%          1

Your spell library contained the following spells:

 Spells                   Type           Power      Damage    Failure   Level
 Static Discharge         Conj/Air       15%        N/A       5%          2
 Swiftness                Air            18%        N/A       9%          3
 Beastly Appendage        Tmut           6%         N/A       16%         1
 Ensorcelled Hibernation  Hex/Ice        6%         N/A       24%         2
 Wereblood                Tmut           3%         N/A       24%         2
 Airstrike                Air            9%         N/A       28%         4
 Spider Form              Tmut/Pois      1%         N/A       43%         3
 Shadow Creatures         Summ           N/A        N/A       100%        6


Dungeon Overview and Level Annotations

Branches:
Dungeon (5/15)
 Temple: D:4-7

Altars:
Elyvilon
Yredelemnul

Shops:
D:4 (


Innate Abilities, Weirdness & Mutations

You are small and have problems with some larger weapons.
You are completely attuned to the shadows.


Message History

The zap hits the bullfrog zombie.
The bullfrog zombie is almost destroyed.
The bullfrog zombie barely misses you. The bullfrog zombie closely misses you.
Casting: Shock (safe; 3% risk of failure)
Confirm with . or Enter, or press ? or * to list all spells.
Aiming: Shock (safe; 3% risk of failure)
Press: ? - help, Shift-Dir - straight line The zap hits the bullfrog zombie.
The bullfrog zombie is almost destroyed.
The bullfrog zombie completely misses you.
Casting: Shock (safe; 3% risk of failure)
Confirm with . or Enter, or press ? or * to list all spells.
Aiming: Shock (safe; 3% risk of failure)
Press: ? - help, Shift-Dir - straight line The zap hits the bullfrog zombie.
You destroy the bullfrog zombie!
An orc priest comes into view. It is wielding a +0 hand axe.
An orc wizard comes into view. It is wielding a +0 dagger.
Casting: Shock (safe; 3% risk of failure)
Confirm with . or Enter, or press ? or * to list all spells.
Aiming: Shock (safe; 3% risk of failure)
Press: ? - help, Shift-Dir - straight line, f - orc priest
Aim: an orc priest, wielding a +0 hand axe (asleep, 100% to hit)
The zap hits the orc priest.
The orc priest is lightly wounded.
The orc priest shouts!
The orc wizard shouts!
You hear a shout!
An orc priest comes into view. It is wielding a +4 hand axe.
The orc wizard gestures at you while chanting.
The puff of flame hits you.
* * * LOW HITPOINT WARNING * * *
Casting: Shock (safe; 3% risk of failure)
Confirm with . or Enter, or press ? or * to list all spells.
You don't know that spell.
Unknown command.
As you read the scroll labelled HULAATW QECKA, it crumbles to dust.
It is a scroll of identify.
b - 2 scrolls of enchant weapon The orc priest mumbles some strange prayers to Beogh against you.
Beogh smites you!
You die...

..###.o. ......o ...... ...o.#
#. .....#### ###.........
......@.###...........
......................
......................
......................
.....................
...............................
...............................
.............. ...............
....†.......... ............


You could see an orc priest.

Vanquished Creatures
  A bullfrog zombie (D:5)
  A gnoll shaman (D:4)
  Natasha (thrice) (D:3)
  An iguana (D:5)
  A hound skeleton (D:5)
  4 gnolls
  5 adders
  An adder skeleton (D:4)
  2 worms
  A dart slug (D:4)
  5 orcs (D:4)
  5 bats
  7 endoplasms
  2 giant cockroaches
  5 goblins
  6 hobgoblins
  10 kobolds
  4 quokkas
  5 ball pythons
  2 frilled lizards
  6 rats
77 creatures vanquished.

Notes
Turn   | Place    | Note
-------+----------+-------------------------------------------
     0 | D:1      | Anon1729 the Kobold Air Elementalist began the quest for
                  | the Orb.
     0 | D:1      | Reached XP level 1. HP: 10/10 MP: 3/3
   404 | D:1      | Reached XP level 2. HP: 15/15 MP: 3/5
  1540 | D:2      | Reached XP level 3. HP: 19/19 MP: 2/6
  1700 | D:2      | Found a faded altar of an unknown god.
  2444 | D:2      | Reached XP level 4. HP: 23/24 MP: 0/8
  2891 | D:3      | Noticed Natasha
  2900 | D:3      | Killed Natasha
  3167 | D:3      | Reached XP level 5. HP: 10/28 MP: 0/9
  3531 | D:3      | Noticed Natasha
  3537 | D:3      | Killed Natasha
  4164 | D:3      | Noticed Natasha
  4178 | D:3      | Killed Natasha
  4562 | D:4      | Reached XP level 6. HP: 9/32 MP: 0/10
  5604 | D:4      | Found Kuelep's Antique Weapon Shoppe.
  5698 | D:4      | Found a white marble altar of Elyvilon.
  5757 | D:4      | Found a basalt altar of Yredelemnul.
  5888 | D:5      | Entered Level 5 of the Dungeon
  6038 | D:5      | Killed from afar by an orc priest

Illustrated notes

Levels and vault maps discovered:
D:1:      giann_horns, layout_basic
D:2:      minmay_alternating_diamond, layout_basic,
          dreamdust_ecumenical_altar_statues
D:3:      layout_basic, minmay_misc_feat_room, minivault_23,
          minmay_misc_feat_ornament, kennysheep_cross_room, uniq_natasha
D:4:      layout_basic, kennysheep_ying_yang, serial_shops,
          nicolae_take_the_stairs
D:5:      layout_layer_cave, temple_green, portal_sewer_entry_d,
          amcnicky_mini_rare_corridor_liquid, uniq_duvessa

Skill      XL: |  1  2  3  4  5  6 |
---------------+-------------------+-----
Stealth        | 3 4 |  4.9
Dodging        | 3 4 |  4.1
Conjurations   | 2 |  2.9
Spellcasting   | 3 |  3.6
Air Magic      | 4 |  4.1

Action                   |  1- 3 |  4- 6 || total
-------------------------+-------+-------++-------
Melee: Unarmed           |    19 |       ||    19
       Staff             |    15 |    11 ||    26
       Dagger            |       |    32 ||    32
 Cast: Shock             |    79 |   133 ||   212
Evoke: Wand              |       |     1 ||     1
  Use: Scroll            |       |     1 ||     1
Armor: Robe              |     2 |    17 ||    19
Dodge: Dodged            |    64 |    72 ||   136

Table legend: (Time is in decaauts)
 A = Elapsed time spent in this place.
 B = Non-inter-level travel time spent in this place.
 C = Inter-level travel time spent in this place.
 D = Time resting spent in this place.
 E = Time spent auto-exploring this place.
 F = Levels seen in this place.
 G = Mean time per level.
                   A        B        C        D        E       F      G
               +--------+--------+--------+--------+--------+-----+--------+
         Total |   6056 |   5960 |     96 |    783 |   4585 |   5 | 1211.2 |
       Dungeon |   6056 |   5960 |     96 |    783 |   4585 |   5 | 1211.2 |
               +--------+--------+--------+--------+--------+-----+--------+

Top non-repeatable levels by time:
     D:2: 1642 daAuts
     D:1: 1528 daAuts
     D:3: 1487 daAuts
     D:4: 1248 daAuts
     D:5: 149 daAuts
